 Dungeon Crawl Stone Soup version 0.22-a0-608-g8a62e23 (webtiles) character file.

126 sking99 the Ruffian (level 4, 0/37 HPs)
             Began as a Draconian Transmuter on July 9, 2018.
             Was a Follower of Makhleb.
             Killed from afar by an orc wizard (10 damage)
             ... with a magic dart
             ... on level 3 of the Dungeon.
             The game lasted 00:03:40 (2747 turns).

sking99 the Ruffian (Draconian Transmuter)          Turns: 2747, Time: 00:03:40

Health: 0/37       AC:  5    Str: 13    XL:     4   Next: 83%
Magic:  7/7        EV: 12    Int: 13    God:    Makhleb [*.....]
Gold:   111        SH:  0    Dex: 12    Spells: 4/7 levels left

rFire    . . .     SeeInvis .     - Unarmed
rCold    . . .     Gourm    .   (no shield)
rNeg     . . .     Faith    .   (armour unavailable)
rPois    .         Spirit   .   (helmet restricted)
rElec    .         Reflect  .   (no cloak)
rCorr    .         Harm     .   (no gloves)
MR       .....                  (no boots)
Stlth    +.........             (no amulet)
HPRegen  0.12/turn              (no ring)
MPRegen  0.10/turn              (no ring)

@: no status effects
A: unfitting armour, cold-blooded, AC +5
a: Renounce Religion


You were on level 3 of the Dungeon.
You worshipped Makhleb.
Makhleb was aware of your devotion.
You were very hungry.

You visited 1 branch of the dungeon, and saw 3 of its levels.

You collected 111 gold pieces.

Inventory:

Missiles
 a - 58 arrows
Jewellery
 m - a cursed amulet of inaccuracy {unknown}
Scrolls
 b - a scroll of fog {unknown}
 e - a scroll of random uselessness {unknown}
 i - 2 scrolls of remove curse {unknown}
 n - 2 scrolls of identify {unknown}
 q - a scroll of immolation {unknown}
Potions
 d - a potion of magic {unknown}
 f - a potion of brilliance {unknown}
 g - 2 potions of lignification {unknown}
 h - 2 potions of mutation {unknown}
 j - a potion of degeneration {unknown}
 k - a potion of curing
 l - a potion of resistance {unknown}
 o - a potion of might {unknown}
 p - a potion of agility {unknown}
Comestibles
 c - 5 rations


   Skills:
 + Level 2.5 Fighting
 - Level 1.7 Dodging
 * Level 4.3 Unarmed Combat
 - Level 2.0 Spellcasting
 + Level 3.0 Transmutations
 + Level 1.1 Invocations


You had 4 spell levels left.
You knew the following spells:

 Your Spells              Type           Power        Failure   Level  Hunger
a - Beastly Appendage     Tmut           #.....       8%          1    ##.....
b - Sticks to Snakes      Tmut           #.......     11%         2    ###....

Your spell library contained the following spells:

 Spells                   Type           Power        Failure   Level  Hunger
 Spider Form              Tmut/Pois      #.........   38%         3    ####...
 Blade Hands              Tmut           #.........   90%         5    ######.
 Ice Form                 Ice/Tmut       #.......     80%         4    #####..


Dungeon Overview and Level Annotations

Branches:
Dungeon (3/15)

Altars:
Kikubaaqudgha
Makhleb

Annotations:
D:3 1 runed door


Innate Abilities, Weirdness & Mutations

Your plain brown scales are hard. (AC +5)
You cannot fit into any form of body armour.
You are cold-blooded and may be slowed by cold attacks.


Message History

The orc wizard hits you with a dagger.
The orc wizard hits you but does no damage.
The orc wizard is no longer moving quickly.
The orc wizard casts a spell at you. The magic dart hits you!
The orc wizard gestures wildly while chanting.
The orc wizard blinks!
The orc wizard hits you with a dagger.
* * * LOW HITPOINT WARNING * * *
You barely miss the orc wizard. The orc wizard barely misses you.
Something hits you but does no damage.
The orc wizard hits you but does no damage.
The orc wizard barely misses you.
The orc wizard mumbles some strange words.
The orc wizard seems to speed up.
The orc wizard gestures wildly while chanting.
The orc wizard blinks!
The orc wizard casts a spell at you. The magic dart hits you!
You die...

..............#.......#
#..#
.###.#.#########.##.#.#
##.## .#.#.#.##
#####.##.#.# #...#
.#..)..<####.....##.#.##
##..##
..(.)..(.(.).....+.....#
#....#
##.###.#####.....##.#..#
♣....♣
##.........##.....#.#..#
♣...♣♣
#..###.###........'....#
♣♣.♣♣
#........#..#...@.#.#.##
♣.♣♣
#...##.###..#.....#.#.#
♣♣.♣
#...........#o.#.##.#>#
♣.♣♣
#...##..#......#.##.#.##
♣♣.♣
#.......###.#..#.o.....#
#+# #..###..#
#.#.#####.#.## .......##
#..o.o.o..#.#
#........##.#.......#o#
..........#.#######.#o#


You could see an orc wizard and an orc.

Vanquished Creatures
  2 adders (D:2)
  2 gnolls (D:3)
  A worm (D:3)
  2 dart slugs
  3 leopard geckos
  An orc (D:3)
  7 bats
  3 giant cockroaches
  8 goblins
  9 hobgoblins
  2 jackals (D:3)
  5 kobolds
  A quokka (D:3)
  6 ball pythons
  2 frilled lizards
  4 rats
58 creatures vanquished.

Vanquished Creatures (collateral kills)
  2 gnolls (D:3)
2 creatures vanquished.

Grand Total: 60 creatures vanquished

Notes
Turn   | Place    | Note
-------+----------+-------------------------------------------
     0 | D:1      | sking99 the Draconian Transmuter began the quest for the Orb.
     0 | D:1      | Reached XP level 1. HP: 16/16 MP: 3/3
   135 | D:1      | Reached XP level 2. HP: 19/23 MP: 5/5
   433 | D:1      | Reached XP level 3. HP: 16/29 MP: 6/6
   574 | D:1      | Learned a level 2 spell: Sticks to Snakes
  1379 | D:2      | Found a burning altar of Makhleb.
  1384 | D:2      | Found an ancient bone altar of Kikubaaqudgha.
  1393 | D:2      | Became a worshipper of Makhleb the Destroyer
  1651 | D:2      | Reached skill level 4 in Unarmed Combat
  1671 | D:2      | Reached XP level 4. HP: 19/36 MP: 7/7
  2163 | D:3      | Reached * piety under Makhleb
  2163 | D:3      | Reached skill level 1 in Invocations
  2494 | D:3      | Found a runed door.
  2697 | D:3      | Noticed an orc warrior
  2747 | D:3      | Killed from afar by an orc wizard

Vault maps used:
D:1:      dpeg_arrival_arbitrary_c
D:2:      overflow_temple_1_default, kiku_gazebo_garden_becter
D:3:      nicolae_overflow_crystal_walls, uniq_crazy_yiuf_cottage

Skill      XL: |  1  2  3  4 |
---------------+-------------+-----
Fighting       | 2 |  2.5
Unarmed Combat | 4 |  4.3
Invocations    | 1 |  1.1
Transmutations | 3 |  3.0
Dodging        | |  1.7
Spellcasting   | |  2.0

Action                   |  1- 3 |  4- 6 || total
-------------------------+-------+-------++-------
Melee: Unarmed           |   168 |    89 ||   257
       Tailslap          |    19 |    20 ||    39
       Punch             |     2 |     2 ||     4
 Cast: Sticks to Snakes  |       |     1 ||     1
 Stab: Sleeping          |     1 |     1 ||     2
       Distracted        |       |     1 ||     1
  Eat: Chunk             |     2 |     3 ||     5
Armor: Skin              |    63 |    18 ||    81
Dodge: Dodged            |   137 |    56 ||   193

Table legend:
 A = Spawn XP
 B = Non-spawn XP
 C = Spawn XP percentage of total XP
 D = Spawn monster count
 E = Non-spawn monster count
 F = Spawn count percentage of total count
 G = Total turns spent on level
                    A         B        C        D         E        F      G
               +---------+---------+-------+---------+---------+-------+---------
         Total |       0 |     180 |   0.0 |       0 |      60 |   0.0 |  2747
               +---------+---------+-------+---------+---------+-------+---------
           D:1 |       0 |      53 |   0.0 |       0 |      27 |   0.0 |  1046
           D:2 |       0 |      49 |   0.0 |       0 |      16 |   0.0 |   925
           D:3 |       0 |      78 |   0.0 |       0 |      17 |   0.0 |   776
               +---------+---------+-------+---------+---------+-------+---------
